 Dungeon Crawl Stone Soup version 0.30.0 (webtiles) character file.

Game seed: 3254681600546939437

56 Jase the Chopper (level 3, -1/33 HPs)
             Began as a Hill Orc Fighter on May 6, 2023.
             Slain by a cerulean imp
             ... wielding a +0 spear
             ... summoned by Natasha
              (4 damage)
             ... on level 2 of the Dungeon.
             The game lasted 00:03:16 (1162 turns).

Jase the Chopper (Hill Orc Fighter)                 Turns: 1162, Time: 00:03:17

Health: -1/33      AC:  9    Str: 20    XL:     3   Next: 95%
Magic:  3/3        EV:  9    Int:  8    God:
Gold:   75         SH:  0    Dex: 10    Spells: 2/2 levels left

rFire   . . .        a - +0 war axe
rCold   . . .        (no shield)
rNeg    . . .        b - +0 scale mail
rPois   .            (no helmet)
rElec   .            (no cloak)
rCorr   .            f - +0 pair of gloves
SInv    .            h - +0 pair of boots
Will    .....        (no amulet) Stlth
                     (no ring)
HPRegen 0.25/turn    (no ring)
MPRegen 0.08/turn

%: no passive effects
@: no status effects
A: no striking features
a: no special abilities


You were on level 2 of the Dungeon.
You visited 1 branch of the dungeon, and saw 2 of its levels.

You collected 111 gold pieces.
You spent 36 gold pieces at shops.

Inventory:

Hand Weapons
 a - a +0 war axe (weapon)
Armour
 b - a +0 scale mail (worn)
 f - a +0 pair of gloves (worn)
 h - a +0 pair of boots (worn)
Scrolls
 c - a scroll of immolation {unknown}
 e - 2 scrolls of enchant weapon {unknown}
 g - a scroll of identify {unknown}
Potions
 d - a potion of might
 i - 2 potions of degeneration {unknown}
 j - 2 potions of curing


   Skills:
 + Level 4.2 Fighting
 * Level 4.3 Axes
 + Level 3.8 Armour
 - Level 3.2 Shields


You had 2 spell levels left.
You didn't know any spells.
Your spell library contained the following spells:

 Spells                   Type           Power      Damage    Failure   Level
 Sublimation of Blood     Necr           0%         N/A       88%         2
 Wereblood                Tmut           0%         N/A       88%         2
 Summon Hydra             Summ           0%         N/A       100%        7


Dungeon Overview and Level Annotations

Branches:
Dungeon (2/15)

Altars:

Shops:
D:1 !

Annotations:
D:2 Natasha


Message History

The rat is moderately wounded.
You barely miss the adder. The adder barely misses you.
The cerulean imp hits you but does no damage.
The kobold throws a stone.
The stone hits you but does no damage. The adder bites you.
You are poisoned.
The adder poisons you!
The cerulean imp hits you from afar with a +0 spear.
The rat completely misses you.
You closely miss the rat.
The rat is moderately wounded.
You closely miss the adder.
You feel sick. The adder barely misses you. The cerulean imp barely misses you.
The cerulean imp hits you from afar with a +3 spear.
The rat barely misses you.
The cerulean imp hits you from afar with a +0 spear.
The adder bites you but does no damage.
You completely miss the rat.
The rat is moderately wounded.
You hit the adder.
You feel sick.
The cerulean imp hits you but does no damage.
The cerulean imp hits you from afar with a +3 spear.
* * * LOW HITPOINT WARNING * * *
The rat completely misses you. The cerulean imp barely misses you.
The adder barely misses you. The rat bites you but does no damage.
The cerulean imp hits you from afar with a +3 spear.
* * * LOW HITPOINT WARNING * * *
The cerulean imp hits you but does no damage.
The kobold throws a stone.
The stone closely misses you. The cerulean imp closely misses you.
The adder closely misses you.
You miss the adder.
The adder is lightly wounded.
You hit the rat.
You feel sick.
You are no longer poisoned.
The adder barely misses you.
The cerulean imp hits you but does no damage.
The kobold throws a stone.
The stone completely misses you. The rat closely misses you.
The cerulean imp hits you from afar with a +0 spear.
You die...

##.# ... .>. ....
##### #.. h.... .....
... .....
#....##h##.....
#.$...555......
#......rSK.#
#......@...#
#..........#
#.....†....#
#..$.......#
#..........#
...........####
..............#######
..........#..........
..........#.#.######.


You could see Natasha, 3 cerulean imps, an adder, a kobold and a rat.

Vanquished Creatures
  2 adders (D:2)
  4 endoplasms
  A giant cockroach (D:2)
  4 goblins
  8 hobgoblins
  2 jackals (D:1)
  A quokka (D:1)
  3 ball pythons
  4 bats
  2 frilled lizards
  5 rats
36 creatures vanquished.

Notes
Turn   | Place    | Note
-------+----------+-------------------------------------------
     0 | D:1      | Jase the Hill Orc Fighter began the quest for the Orb.
     0 | D:1      | Reached XP level 1. HP: 19/19 MP: 1/1
   152 | D:1      | Reached XP level 2. HP: 27/27 MP: 2/2
   174 | D:1      | Found Tinarios's Distillery.
   381 | D:1      | Bought a potion of curing for 36 gold pieces
   868 | D:2      | Reached XP level 3. HP: 27/33 MP: 3/3
  1153 | D:2      | Noticed Natasha
  1162 | D:2      | Slain by a cerulean imp

Illustrated notes

Levels and vault maps discovered:
D:1:      kilobyte_arrival_exit_the_forest, layout_rooms, serial_shops,
          nicolae_shop_industrial_runoff
D:2:      layout_basic, minmay_goblin_outpost, uniq_natasha, uniq_jessica

Skill      XL: |  1  2  3 |
---------------+----------+-----
Axes           | 3 4 |  4.3
Fighting       | 4 |  4.2
Armour         | |  3.8
Shields        | |  3.2

Action                     || total
---------------------------++-------
  Melee: War axe           ||   104
         Punch             ||     1
 Armour: Scale mail        ||    78
  Dodge: Dodged            ||    86
